Map: Snowy Mesa

Players

NXB

  • Race: Terran Terran
  • League: Silver
  • Spawn Location: 6:00

HiFiDude

  • Race: Protoss Protoss
  • League: Gold
  • Spawn Location: 6:00

Metasapien - Winner!

  • Race: Zerg Zerg
  • League: Platinum
  • Spawn Location: 12:00

Kswiss - Winner!

  • Race: Protoss Protoss
  • League: Silver
  • Spawn Location: 12:00

VOD

Have the link to the VOD?

Description

Time

  • Played on: Sept. 23, 2017, 12:29 a.m.
  • Length: 16:13
Show
View Real Time Build Order
Export as new Build Order

NXB Terran 

Build Orders:  

Get SALT Encoding   

  12  0:04  SCV  
  13  0:16  SCV  
  14  0:34  Supply Depot  
  14  0:38  SCV  
  15  0:56  SCV  
  16  1:06  Barracks  
  16  1:08  SCV  
  17  1:20  SCV  
  18  1:27  Barracks  
  19  1:32  SCV  
  19  1:48  Refinery  
  19  1:54  Orbital Command  
  19  1:59  Barracks  
  19  2:46  Command Center  
  19  2:53  Barracks Reactor  
  19  2:59  SCV  
  19  3:01  Refinery  
  20  3:10  Supply Depot  
  20  3:11  SCV  
  21  3:16  Barracks Reactor  
  21  3:23  SCV  
  22  3:33  Marine x2  
  24  3:35  SCV  
  25  3:47  SCV  
  25  3:48  Supply Depot  
  26  3:55  Marine x2  
  27  3:56  Marine x2  
  27  4:00  SCV  
  31  4:12  Marine  
  31  4:13  Barracks, Marine x3  
  31  4:14  Marine  
  36  4:24  Supply Depot  
  36  4:29  Marine  
  36  4:31  Marine x3  
  38  4:32  Marine  
  41  4:39  Orbital Command  
  41  4:47  Marine  
  41  4:48  Marine  
  43  5:03  Barracks Tech Lab  
  43  5:20  Barracks  
  41  5:45  Marine x5  
  46  5:52  Engineering Bay  
  46  6:13  Marine x2  
  46  6:14  Marine x3  
  51  6:19  Terran Infantry Weapons Level 1  
  51  6:20  Supply Depot  
  51  6:31  Marine x3  
  51  6:32  Marine x2  
  56  6:49  Marine x4  
  56  6:50  Marine  
  56  6:57  SCV  
  50  7:03  SCV  
  50  7:07  Marine x5  
  50  7:09  SCV  
  49  7:15  SCV  
  49  7:21  SCV  
  50  7:25  Marine x5  
  50  7:28  SCV  
  49  7:32  Barracks Tech Lab  
  49  7:33  SCV  
  50  7:40  SCV  
  50  7:42  Marine  
  50  7:43  Marine x4  
  56  7:45  SCV  
  56  7:51  Refinery  
  57  7:52  Refinery, SCV  
  57  7:57  SCV  
  59  8:00  Marine x2  
  59  8:01  Marine x3  
  61  8:09  SCV  
  57  8:18  Marine x4  
  57  8:19  Marine  
  51  8:30  Marine x2  
  51  8:36  Marine x4  
  54  8:42  Factory  
  54  8:48  Marine  
  55  8:59  Missile Turret  
  55  9:06  Command Center  
  55  9:29  Marine  
  55  9:30  Marine  
  55  9:31  Marine  
  55  9:32  Marine  
  55  9:40  Marine  
  55  9:41  Marine  
  51  9:47  Marine x2  
  51  9:48  Marine  
  51  9:50  Marine  
  55  10:06  Factory Reactor  
  55  10:17  Marine x6  
  55  10:20  Supply Depot  
  61  10:25  SCV  
  61  10:28  SCV  
  63  10:35  Marine x5  
  68  10:37  SCV  
  68  10:42  Combat Shields  
  70  10:50  SCV  
  52  11:23  Marine x5  
  52  11:24  Marine  
  46  11:41  Marine x6  
  43  11:58  Marine  
  43  11:59  SCV, Marine x5  
  50  12:11  SCV  
  50  12:15  Starport  
  51  12:16  Marine  
  51  12:22  Factory Tech Lab  
  52  12:23  SCV  
  53  12:32  Concussive Shells  
  53  12:33  Barracks Tech Lab  
  45  12:56  Marine x3  
  45  12:57  Marine x3  
  45  13:14  Marine x5  
  45  13:15  Marine  
  51  13:32  Marine x6  
  57  13:46  Supply Depot  
  57  13:49  Marine  
  57  13:50  Marine x5  
  63  14:07  Marine x2  
  63  14:08  Marine x4  
  69  14:18  Medivac  
  69  14:23  SCV  
  72  14:25  Marine x3  
  72  14:26  Marine x3  
  75  14:56  Marine x4  
  75  14:57  Marine x2  
  51  15:14  Marine x6  
  47  15:32  Marine x3  
  53  15:37  Refinery  
  51  15:49  Marine  
  44  15:50  Marine x2  
Show
View Real Time Build Order
Export as new Build Order

HiFiDude Protoss 

Build Orders:  

Get SALT Encoding   

  12  0:02  Probe (Chrono Boost)  
  13  0:12  Probe (Chrono Boost)  
  14  0:23  Probe (Chrono Boost)  
  15  0:32  Pylon  
  15  0:38  Assimilator  
  15  1:26  Assimilator  
  15  1:33  Forge  
  15  1:49  Gateway  
  15  1:53  Pylon  
  15  2:03  Probe (Chrono Boost)  
  16  2:13  Probe (Chrono Boost)  
  17  2:34  Photon Cannon  
  17  2:37  Cybernetics Core  
  17  2:43  Probe (Chrono Boost)  
  18  2:53  Probe (Chrono Boost)  
  19  3:04  Probe (Chrono Boost)  
  20  3:14  Probe (Chrono Boost)  
  20  3:19  Stargate x2  
  21  3:34  Nexus  
  21  3:58  Probe (Chrono Boost)  
  22  4:06  Void Ray (Chrono Boost)  
  22  4:09  Probe (Chrono Boost)  
  31  4:10  Void Ray (Chrono Boost)  
  31  4:36  Pylon  
  31  4:46  Void Ray (Chrono Boost)  
  39  4:54  Void Ray (Chrono Boost)  
  39  4:55  Probe  
  40  5:01  Assimilator  
  40  5:05  Probe  
  40  5:12  Assimilator  
  41  5:16  Probe  
  42  5:24  Void Ray (Chrono Boost)  
  42  5:26  Probe  
  47  5:51  Probe  
  48  6:02  Probe  
  45  6:12  Probe  
  42  7:04  Void Ray (Chrono Boost)  
  50  7:09  Void Ray (Chrono Boost)  
  42  7:37  Stargate  
  42  7:38  Protoss Air Weapons Level 1  
  42  7:41  Pylon  
  42  7:53  Probe  
  43  8:03  Probe  
  44  8:09  Void Ray (Chrono Boost)  
  52  8:13  Void Ray (Chrono Boost)  
  52  8:14  Probe  
  53  8:24  Probe  
  54  8:29  Void Ray (Chrono Boost)  
  58  8:36  Probe  
  59  9:07  Pylon  
  59  9:11  Pylon  
  59  9:17  Pylon  
  59  9:31  Void Ray (Chrono Boost)  
  20  9:47  Void Ray (Chrono Boost)  
  28  9:53  Void Ray (Chrono Boost)  
  28  10:13  Void Ray (Chrono Boost)  
  32  10:25  Void Ray (Chrono Boost)  
  36  10:32  Nexus  
  40  10:35  Void Ray (Chrono Boost)  
  40  10:40  Pylon  
  40  10:50  Void Ray (Chrono Boost)  
  44  11:05  Assimilator  
  36  12:13  Void Ray (Chrono Boost)  
  36  12:14  Void Ray (Chrono Boost)  
  48  12:18  Void Ray (Chrono Boost)  
  48  12:20  Protoss Air Armor Level 1  
  48  12:26  Probe  
  49  12:31  Assimilator  
  49  12:34  Pylon  
  49  12:38  Probe  
  50  12:50  Probe  
  43  13:03  Probe  
  44  13:15  Probe  
  41  13:31  Void Ray (Chrono Boost)  
  41  13:32  Void Ray (Chrono Boost)  
  53  13:37  Void Ray (Chrono Boost)  
  53  14:01  Probe  
  54  14:13  Probe  
  55  14:25  Probe  
  56  15:07  Void Ray x2 (Chrono Boost)  
  44  15:11  Probe  
  44  15:13  Void Ray (Chrono Boost)  
  49  15:24  Probe  
  49  15:25  Fleet Beacon  
Show
View Real Time Build Order
Export as new Build Order

Metasapien Zerg - Winner!

Build Orders: Pool First 

Get SALT Encoding   

  12  0:01  Drone  
  13  0:22  Spawning Pool  
  13  0:26  Drone  
  13  0:30  Drone  
  14  0:36  Extractor  
  14  0:41  Overlord  
  13  0:46  Extractor  
  13  0:47  Drone  
  13  0:52  Drone  
  15  1:05  Drone  
  15  1:09  Drone  
  17  1:36  Hatchery  
  17  1:37  Drone  
  17  1:41  Metabolic Boost  
  17  1:42  Drone  
  17  1:46  Drone  
  19  1:52  Drone  
  20  2:07  Drone  
  21  2:14  Overlord  
  21  2:34  Drone, Hatchery  
  21  2:37  Extractor  
  20  2:46  Queen  
  20  2:50  Queen  
  24  2:53  Drone  
  25  3:06  Zergling x6  
  25  3:10  Drone  
  29  3:13  Drone  
  30  3:26  Drone  
  31  3:28  Drone  
  31  3:30  Overlord  
  32  3:34  Drone  
  33  3:42  Lair  
  33  3:45  Drone  
  33  3:48  Drone, Roach Warren  
  34  3:54  Queen  
  36  4:00  Drone  
  37  4:08  Overlord, Drone  
  38  4:10  Drone  
  38  4:11  Drone  
  38  4:15  Overlord  
  40  4:18  Drone  
  42  4:24  Drone  
  42  4:30  Drone x2  
  42  4:31  Drone  
  45  4:33  Spore Crawler  
  45  4:37  Spore Crawler  
  43  4:42  Drone x2  
  43  4:45  Drone x3  
  48  4:46  Drone  
  48  4:51  Drone x2, Extractor  
  50  4:54  Overlord  
  50  5:01  Drone  
  51  5:09  Pneumatized Carapace  
  51  5:12  Queen x2  
  55  5:19  Drone x2, Extractor  
  55  5:20  Drone x2  
  55  5:21  Drone  
  59  5:22  Drone  
  59  5:23  Drone x2  
  62  5:29  Hydralisk Den  
  62  5:30  Drone, Infestation Pit  
  61  5:41  Glial Reconstitution  
  61  5:42  Infestation Pit  
  60  5:44  Roach  
  60  5:46  Roach x2  
  60  5:47  Roach x3  
  72  5:55  Drone x2  
  74  6:06  Overlord x2  
  74  6:14  Muscular Augments  
  74  6:16  Overlord  
  74  6:17  Overlord  
  74  6:20  Extractor  
  74  6:21  Extractor, Hydralisk  
  74  6:24  Hydralisk x5  
  84  6:26  Hydralisk x2  
  84  6:27  Hydralisk  
  84  6:40  Hydralisk x2  
  84  6:41  Roach  
  84  6:42  Roach  
  71  6:55  Hydralisk  
  71  6:56  Roach  
  71  6:57  Zergling x10  
  71  6:58  Zergling x2  
  68  7:09  Drone, Hydralisk  
  68  7:10  Zergling x8, Roach  
  74  7:19  Spine Crawler  
  74  7:20  Spine Crawler  
  74  7:22  Overlord  
  68  7:23  Overlord x2  
  68  7:24  Hydralisk  
  68  7:25  Roach  
  71  7:39  Drone  
  71  7:43  Drone  
  71  7:44  Drone  
  74  7:46  Queen  
  76  7:58  Hatchery  
  75  8:12  Hydralisk x4  
  75  8:13  Roach x3  
  75  8:15  Zergling x8  
  75  8:16  Zergling x2  
  92  8:28  Hydralisk  
  92  8:29  Roach  
  96  8:41  Hydralisk  
  96  8:42  Roach  
  96  8:46  Drone x3  
  103  9:02  Roach, Hydralisk  
  109  9:03  Roach  
  109  9:14  Hydralisk  
  109  9:15  Roach  
  109  9:17  Overlord x3  
  111  9:34  Evolution Chamber  
  111  9:35  Drone x2  
  111  9:36  Spore Crawler  
  111  9:38  Spore Crawler, Evolution Chamber  
  87  9:41  Drone x3  
  87  9:42  Drone, Spine Crawler  
  87  9:43  Drone x2, Queen  
  73  9:51  Hydralisk x2  
  73  9:52  Roach x2, Hydralisk  
  70  10:03  Hydralisk  
  70  10:05  Roach  
  70  10:06  Zergling x4  
  78  10:07  Zergling x8  
  80  10:30  Drone x3  
  83  10:37  Drone x5  
  83  10:40  Hydralisk x2  
  83  10:41  Roach, Hydralisk  
  83  10:42  Roach  
  98  10:46  Drone  
  99  10:54  Drone  
  75  11:19  Hydralisk  
  75  11:20  Swarm Host, Zergling x8, Hydralisk x3  
  75  11:21  Roach x2  
  75  11:22  Roach  
  69  11:50  Spine Crawler  
  69  11:51  Spine Crawler  
  69  11:52  Spore Crawler x2, Spine Crawler  
  69  11:53  Spore Crawler  
  63  11:55  Hydralisk x2  
  63  11:56  Roach x3, Hydralisk x2  
  63  11:57  Roach  
  63  11:59  Spore Crawler  
  76  12:05  Extractor  
  76  12:07  Drone x2, Extractor  
  76  12:19  Hydralisk x2  
  76  12:20  Roach  
  76  12:33  Drone  
  73  12:39  Spine Crawler  
  73  12:40  Roach  
  73  12:41  Roach x4  
  79  13:05  Hydralisk x2  
  68  13:06  Roach x2  
  73  13:16  Hydralisk  
  57  13:32  Spore Crawler  
  57  13:33  Spore Crawler  
  51  13:43  Hydralisk x2  
  51  13:44  Roach  
  51  13:46  Drone x2  
  59  13:56  Drone  
  59  13:58  Hydralisk  
  62  14:12  Zergling x8  
  66  14:23  Hydralisk x2  
  66  14:24  Roach x2  
  72  14:28  Burrow  
  56  14:55  Roach x3  
  56  14:56  Roach x4  
  58  15:07  Hydralisk Den  
  58  15:10  Drone x2  
  59  15:31  Drone  
  59  15:32  Drone x4  
  64  15:36  Roach, Hydralisk x2  
  64  15:37  Roach  
  64  15:41  Hatchery  
Show
View Real Time Build Order
Export as new Build Order

Kswiss Protoss - Winner!

Build Orders: Oracle Opening 

Get SALT Encoding   

  12  0:03  Probe (Chrono Boost)  
  13  0:14  Probe (Chrono Boost)  
  14  0:24  Probe (Chrono Boost), Pylon  
  15  0:42  Probe (Chrono Boost)  
  16  0:49  Gateway  
  16  0:52  Probe (Chrono Boost)  
  17  0:58  Forge  
  17  1:02  Assimilator  
  17  1:04  Probe (Chrono Boost)  
  18  1:14  Probe (Chrono Boost)  
  19  1:25  Probe (Chrono Boost)  
  20  1:32  Pylon  
  20  1:38  Photon Cannon  
  20  1:47  Cybernetics Core  
  20  1:53  Photon Cannon  
  20  2:02  Assimilator  
  20  2:10  Photon Cannon  
  20  2:19  Probe (Chrono Boost)  
  21  2:29  Probe (Chrono Boost)  
  22  2:48  Probe (Chrono Boost)  
  22  2:50  Stargate  
  23  3:00  Nexus  
  23  3:06  Pylon  
  23  3:19  Mothership Core (Chrono Boost)  
  25  3:33  Oracle (Chrono Boost)  
  28  3:42  Pylon  
  28  3:54  Stargate  
  28  4:09  Oracle (Chrono Boost)  
  31  4:11  Photon Cannon  
  31  4:17  Probe (Chrono Boost)  
  32  4:21  Assimilator  
  32  4:26  Probe x2 (Chrono Boost)  
  34  4:36  Probe  
  34  4:37  Probe  
  36  4:43  Void Ray (Chrono Boost)  
  40  4:46  Probe  
  40  4:49  Probe  
  42  4:57  Probe  
  43  5:01  Probe  
  43  5:06  Photon Cannon  
  44  5:07  Probe  
  44  5:10  Assimilator  
  45  5:18  Probe  
  46  5:28  Probe  
  44  5:39  Probe  
  45  5:45  Void Ray (Chrono Boost)  
  53  5:50  Void Ray (Chrono Boost)  
  53  5:59  Photon Cannon  
  53  6:00  Photon Cannon  
  42  6:27  Void Ray (Chrono Boost)  
  50  6:34  Void Ray (Chrono Boost)  
  42  7:19  Void Ray (Chrono Boost)  
  46  7:30  Void Ray (Chrono Boost)  
  46  7:54  Nexus  
  46  8:59  Pylon  
  46  9:02  Pylon  
  46  9:04  Pylon  
  46  9:05  Void Ray (Chrono Boost)  
  46  9:06  Void Ray (Chrono Boost)  
  46  9:08  Pylon, Protoss Shields Level 1 (Chrono Boost)  
  54  9:12  Protoss Air Weapons Level 1 (Chrono Boost)  
  50  10:00  Probe  
  51  10:10  Probe  
  52  10:21  Probe  
  52  10:25  Void Ray  
  52  10:26  Void Ray  
  61  10:31  Probe, Fleet Beacon  
  62  10:39  Robotics Facility  
  62  10:42  Probe  
  62  10:46  Twilight Council  
  63  10:54  Protoss Air Armor Level 1 (Chrono Boost)  
  63  10:55  Nexus  
  63  11:02  Pylon  
  49  11:37  Void Ray x2  
  57  11:52  Stargate  
  57  11:53  Stargate  
  57  11:59  Protoss Shields Level 2 (Chrono Boost), Observer  
  58  12:12  Probe  
  59  12:22  Probe  
  60  12:33  Void Ray x2 (Chrono Boost), Probe, Protoss Air Weapons Level 2 (Chrono Boost)  
  69  12:43  Probe  
  70  12:54  Probe  
  51  13:10  Void Ray (Chrono Boost)  
  59  13:14  Void Ray (Chrono Boost)  
  59  13:29  Void Ray (Chrono Boost)  
  59  13:31  Nexus  
  59  13:33  Assimilator  
  63  13:35  Assimilator  
  63  13:50  Probe  
  64  14:06  Void Ray x2 (Chrono Boost)  
  72  14:11  Mothership Core  
  74  14:24  Pylon  
  74  14:25  Probe  
  75  14:31  Void Ray (Chrono Boost)  
  80  14:39  Void Ray (Chrono Boost)  
  75  15:15  Void Ray (Chrono Boost)  
  75  15:21  Void Ray x2 (Chrono Boost)  
  84  15:33  Probe  
  85  15:43  Probe  
  86  15:54  Probe  
Tags
 
Add a new tag
Caveats
  • Supply blocks, unpowered buildings, or Contaminate may cause inaccurate times.
  • Supply counts are checked every 10 seconds.